Workbook

Sheet Table correspondance
A1: Bas | B1: Haut | C1: Solde | D1: Rubrique
A2: 10100000 | B2: 10399999 | C2: T | D2: P10100
A3: 10400000 | B3: 10499999 | C3: T | D3: P10400
A4: 10500000 | B4: 10599999 | C4: T | D4: P10500
A5: 10600000 | B5: 10799999 | C5: T | D5: P10600
A6: 10800000 | B6: 10899999 | C6: T | D6: P10100
A7: 10900000 | B7: 10999999 | C7: T | D7: A10900
A8: 11000000 | B8: 11999999 | C8: T | D8: P10600
A9: 12000000 | B9: 12999999 | C9: T | D9: P12000
A10: 13000000 | B10: 13999999 | C10: T | D10: P13000
A11: 14000000 | B11: 14499999 | C11: T | D11: P14000
A12: 14500000 | B12: 14999999 | C12: T | D12: P14500
A13: 15000000 | B13: 15199999 | C13: T | D13: P15181
... A288: 786610000 | B288: 78699999 | C288: T | D288: R78661

Sheet Table correspondance N
A1: Bas | B1: Haut | C1: si + | D1: si -
A2: 10100000 | B2: 10399999 | C2: P10100 | D2: P10100
A3: 10400000 | B3: 10499999 | C3: P10400 | D3: P10400
A4: 10500000 | B4: 10599999 | C4: P10500 | D4: P10500
A5: 10600000 | B5: 10799999 | C5: P10600 | D5: P10600
A6: 10800000 | B6: 10899999 | C6: P10100 | D6: P10100
A7: 10900000 | B7: 10999999 | C7: A10900 | D7: A10900
A8: 11000000 | B8: 11999999 | C8: P10600 | D8: P10600
A9: 12000000 | B9: 12999999 | C9: P12000 | D9: P12000
A10: 13000000 | B10: 13999999 | C10: P13000 | D10: P13000
A11: 14000000 | B11: 14499999 | C11: P14000 | D11: P14000
A12: 14500000 | B12: 14999999 | C12: P14500 | D12: P14500
A13: 15000000 | B13: 15199999 | C13: P15181 | D13: P15181
... A24: 17000000 | B24: 17999999 | C24: P17000 | D24: P17000
A25: 18000000 | B25: 19999999 | D25: A47100
A26: 20000000 | B26: 20299999 | C26: A20100 | D26: A20100
A27: 20300000 | B27: 20499999 | C27: A20300 | D27: A20300
A28: 20500000 | B28: 20599999 | C28: A20500 | D28: A20500
A29: 20600000 | B29: 20699999 | C29: A20600 | D29: A20600
A30: 20700000 | B30: 20799999 | C30: A20700 | D30: A20700
A31: 20800000 | B31: 20999999 | C31: A20800 | D31: A20800
A32: 21000000 | B32: 21199999 | C32: A21100 | D32: A21100
A33: 21200000 | B33: 21299999 | C33: A21200 | D33: A21200
A34: 21300000 | B34: 21399999 | C34: A21300 | D34: A21300
A35: 21400000 | B35: 21499999 | C35: A21400 | D35: A21400
A36: 21500000 | B36: 21799999 | C36: A21500 | D36: A21500
A37: 21800000 | B37: 22999999 | C37: A21800 | D37: A21800
... A101: 39700000 | B101: 39999999 | C101: A39700 | D101: A39700
A102: 40000000 | B102: 40399999 | D102: A46700
A103: 40400000 | B103: 40799999 | D103: A46700
A104: 40800000 | B104: 40839999 | D104: A46700
A105: 40840000 | B105: 40879999 | D105: A46700
A106: 40880000 | B106: 40899999 | D106: A46700
A107: 40900000 | B107: 40959999 | C107: A40900 | D107: A40900
A108: 40960000 | B108: 40999999 | C108: A46700 | D108: A46700
A109: 41000000 | B109: 41999999 | D109: A41100
A110: 41000000 | B110: 41899999 | C110: P46700
A111: 41900000 | B111: 41959999 | C111: P41900 | D111: P41900
A112: 41960000 | B112: 41999999 | C112: P46700
A113: 42000000 | B113: 42599999 | D113: A42100
A114: 42600000 | B114: 42869999 | C114: P42100 | D114: P42100
A115: 42870000 | B115: 42999999 | D115: A42100
A116: 43000000 | B116: 43999999 | D116: A42100
A117: 44000000 | B117: 44399999 | D117: A44010
A118: 44400000 | B118: 44499999 | D118: A44410
A119: 44500000 | B119: 44999999 | D119: A44010
A120: 45000000 | B120: 45599999 | D120: A45100
A121: 45600000 | B121: 45629999 | C121: A45620 | D121: A45620
A122: 45630000 | B122: 45699999 | D122: A45100
A123: 45700000 | B123: 45999999 | D123: A46700
A124: 45700000 | B124: 45799999 | C124: P45700
A125: 45800000 | B125: 45999999 | C125: P45100
A126: 46000000 | B126: 46399999 | C126: A46300 | D126: A46300
A127: 46400000 | B127: 46699999 | C127: A46700 | D127: A46700
A128: 46400000 | B128: 46499999 | C128: P46700 | D128: P46700
A129: 46700000 | B129: 46799999 | D129: A46700
A130: 46800000 | B130: 46879999 | D130: A46700
A131: 46880000 | B131: 46999999 | D131: A47610
A132: 47000000 | B132: 47599999 | D132: A46700
A133: 47600000 | B133: 47699999 | C133: A47600 | D133: A47600
A134: 47700000 | B134: 47799999 | C134: P47600 | D134: P47600
A135: 47800000 | B135: 47999999 | D135: A46700
A136: 48000000 | B136: 48599999 | C136: A48100 | D136: A48100
A137: 48600000 | B137: 48699999 | C137: A48600 | D137: A48600
A138: 48700000 | B138: 48799999 | C138: P48700 | D138: P48700
A139: 48800000 | B139: 48999999 | D139: A48600
A140: 49000000 | B140: 49499999 | C140: A49110 | D140: A49110
A141: 49500000 | B141: 49599999 | C141: A49511 | D141: A49511
A142: 49600000 | B142: 49649999 | C142: A49630 | D142: A49630
A143: 49650000 | B143: 49999999 | C143: A49710 | D143: A49710
A144: 50000000 | B144: 50099999 | C144: A50000 | D144: A50000
A145: 50100000 | B145: 50199999 | C145: A50100 | D145: A50100
A146: 50200000 | B146: 50299999 | C146: A50200 | D146: A50200
A147: 50300000 | B147: 50879999 | C147: A50100 | D147: A50100
A148: 50880000 | B148: 50899999 | C148: A50880 | D148: A50880
A149: 50900000 | B149: 50999999 | C149: A50100 | D149: A50100
A150: 51000000 | B150: 51799999 | D150: A51000
A151: 51800000 | B151: 51899999 | D151: A51800
A152: 51900000 | B152: 51979999 | C152: P51900 | D152: P51900
A153: 51980000 | B153: 51999999 | C153: P51980 | D153: P51980
A154: 52000000 | B154: 58999999 | D154: A51000
A155: 59000000 | B155: 59099999 | C155: A59500 | D155: A59500
A156: 59100000 | B156: 59199999 | C156: A59510 | D156: A59510
A157: 59200000 | B157: 59299999 | C157: A59020 | D157: A59020
A158: 60000000 | B158: 60299999 | C158: R60100 | D158: R60100
A159: 60300000 | B159: 60369999 | C159: R60310 | D159: R60310
A160: 60370000 | B160: 60399999 | C160: R60370 | D160: R60370
A161: 60400000 | B161: 60599999 | C161: R60500 | D161: R60500
A162: 60600000 | B162: 60699999 | C162: R60600 | D162: R60600
A163: 60700000 | B163: 60999999 | C163: R60700 | D163: R60700
A164: 61000000 | B164: 61199999 | C164: R61100 | D164: R61100
A165: 61200000 | B165: 61299999 | C165: R61220 | D165: R61220
A166: 61300000 | B166: 61349999 | C166: R61300 | D166: R61300
... A265: 786610000 | B265: 78699999 | C265: R78661 | D265: R78661

Sheet Feuil2
A1: Compte | B1: Libellé
A2: A20100 | B2: Frais d'établissement
A3: A20500 | B3: Concessions, brevets et droits similaires, brevets, licences
A4: A20800 | B4: Autres immobilisations incorporelles
A5: A20900 | B5: Ecart d'acquisition
A6: A21400 | B6: Constructions sur sol d'autrui
A7: A21500 | B7: Installations techniques, matériel & outillage
A8: A21800 | B8: Autres immobilisations corporelles
A9: A26100 | B9: Titres de participation
A10: A27100 | B10: Titres immobilisés (non courants)
A11: A27500 | B11: Dépôts et cautionnements versés
A12: A28010 | B12: Amortissements des frais d'établissement
... A131: R80200 | B131: Résultat net (Part du groupe)

Sheet donnée
A1: Entite | B1: Compte | C1: Libelle | D1: Solde
A2: Société n° 1 | B2: 10130000 | C2: =CONCATENATE("Libellé compte n° ",B2) -> Libellé compte n° 10130000 | D2: -1 | E2: =INDEX('Table correspondance N'!$C$1:$D$265,SUMPRODUCT(('Table correspondance N'!$A$1:$A$265<=B2)*('Table correspondance N'!$B$1:$B$265>=B2)*ROW($A$1:$A$265)),IF(donnée!D2<0,1,2)) -> P10100
A3: Société n° 1 | B3: 10410000 | C3: =CONCATENATE("Libellé compte n° ",B3) -> Libellé compte n° 10410000 | D3: -1 | E3: =INDEX('Table correspondance N'!$C$1:$D$265,SUMPRODUCT(('Table correspondance N'!$A$1:$A$265<=B3)*('Table correspondance N'!$B$1:$B$265>=B3)*ROW($A$1:$A$265)),IF(donnée!D3<0,1,2)) -> P10400
A4: Société n° 1 | B4: 11900000 | C4: =CONCATENATE("Libellé compte n° ",B4) -> Libellé compte n° 11900000 | D4: 1 | E4: =INDEX('Table correspondance N'!$C$1:$D$265,SUMPRODUCT(('Table correspondance N'!$A$1:$A$265<=B4)*('Table correspondance N'!$B$1:$B$265>=B4)*ROW($A$1:$A$265)),IF(donnée!D4<0,1,2)) -> P10600
A5: Société n° 1 | B5: 14500000 | C5: =CONCATENATE("Libellé compte n° ",B5) -> Libellé compte n° 14500000 | D5: -1 | E5: =INDEX('Table correspondance N'!$C$1:$D$265,SUMPRODUCT(('Table correspondance N'!$A$1:$A$265<=B5)*('Table correspondance N'!$B$1:$B$265>=B5)*ROW($A$1:$A$265)),IF(donnée!D5<0,1,2)) -> P14500
A6: Société n° 1 | B6: 16310000 | C6: =CONCATENATE("Libellé compte n° ",B6) -> Libellé compte n° 16310000 | D6: -1 | E6: =INDEX('Table correspondance N'!$C$1:$D$265,SUMPRODUCT(('Table correspondance N'!$A$1:$A$265<=B6)*('Table correspondance N'!$B$1:$B$265>=B6)*ROW($A$1:$A$265)),IF(donnée!D6<0,1,2)) -> P16100
A7: Société n° 1 | B7: 16883000 | C7: =CONCATENATE("Libellé compte n° ",B7) -> Libellé compte n° 16883000 | D7: -1 | E7: =INDEX('Table correspondance N'!$C$1:$D$265,SUMPRODUCT(('Table correspondance N'!$A$1:$A$265<=B7)*('Table correspondance N'!$B$1:$B$265>=B7)*ROW($A$1:$A$265)),IF(donnée!D7<0,1,2)) -> P16880
A8: Société n° 1 | B8: 26110000 | C8: =CONCATENATE("Libellé compte n° ",B8) -> Libellé compte n° 26110000 | D8: 1 | E8: =INDEX('Table correspondance N'!$C$1:$D$265,SUMPRODUCT(('Table correspondance N'!$A$1:$A$265<=B8)*('Table correspondance N'!$B$1:$B$265>=B8)*ROW($A$1:$A$265)),IF(donnée!D8<0,1,2)) -> A26100
A9: Société n° 1 | B9: 26110001 | C9: =CONCATENATE("Libellé compte n° ",B9) -> Libellé compte n° 26110001 | D9: 1 | E9: =INDEX('Table correspondance N'!$C$1:$D$265,SUMPRODUCT(('Table correspondance N'!$A$1:$A$265<=B9)*('Table correspondance N'!$B$1:$B$265>=B9)*ROW($A$1:$A$265)),IF(donnée!D9<0,1,2)) -> A26100
A10: Société n° 1 | B10: 40100000 | C10: =CONCATENATE("Libellé compte n° ",B10) -> Libellé compte n° 40100000 | D10: -1 | E10: =INDEX('Table correspondance N'!$C$1:$D$265,SUMPRODUCT(('Table correspondance N'!$A$1:$A$265<=B10)*('Table correspondance N'!$B$1:$B$265>=B10)*ROW($A$1:$A$265)),IF(donnée!D10<0,1,2))
A11: Société n° 1 | B11: 40800000 | C11: =CONCATENATE("Libellé compte n° ",B11) -> Libellé compte n° 40800000 | D11: -1 | E11: =INDEX('Table correspondance N'!$C$1:$D$265,SUMPRODUCT(('Table correspondance N'!$A$1:$A$265<=B11)*('Table correspondance N'!$B$1:$B$265>=B11)*ROW($A$1:$A$265)),IF(donnée!D11<0,1,2))
A12: Société n° 1 | B12: 41102000 | C12: =CONCATENATE("Libellé compte n° ",B12) -> Libellé compte n° 41102000 | D12: 1 | E12: =INDEX('Table correspondance N'!$C$1:$D$265,SUMPRODUCT(('Table correspondance N'!$A$1:$A$265<=B12)*('Table correspondance N'!$B$1:$B$265>=B12)*ROW($A$1:$A$265)),IF(donnée!D12<0,1,2)) -> R69100
A13: Société n° 1 | B13: 41800009 | C13: =CONCATENATE("Libellé compte n° ",B13) -> Libellé compte n° 41800009 | D13: 1 | E13: =INDEX('Table correspondance N'!$C$1:$D$265,SUMPRODUCT(('Table correspondance N'!$A$1:$A$265<=B13)*('Table correspondance N'!$B$1:$B$265>=B13)*ROW($A$1:$A$265)),IF(donnée!D13<0,1,2)) -> R69100
... A1039: Société n° 8 | B1039: 66150000 | C1039: =CONCATENATE("Libellé compte n° ",B1039) -> Libellé compte n° 66150000 | D1039: 1 | E1039: =INDEX('Table correspondance N'!$C$1:$D$265,SUMPRODUCT(('Table correspondance N'!$A$1:$A$265<=B1039)*('Table correspondance N'!$B$1:$B$265>=B1039)*ROW($A$1:$A$265)),IF(donnée!D1039<0,1,2)) -> R66100
